 Dungeon Crawl Stone Soup version 0.28-a0-834-g1a73be5ee4 (webtiles) character file.

Game seed: 539132168738007140

427 ragingrage the Cudgeller (level 6, -21/50 HPs)
             Began as a Palentonga Fighter on Nov 11, 2021.
             Demolished by an ogre (29 damage)
             ... on level 5 of the Dungeon.
             The game lasted 00:04:25 (4399 turns).

ragingrage the Cudgeller (Palentonga Fighter)       Turns: 4399, Time: 00:04:25

Health: -21/50     AC:  6    Str: 21    XL:     6   Next: 65%
Magic:  6/6        EV:  7    Int:  8    God:
Gold:   150        SH:  4    Dex: 10    Spells: 5/5 levels left

rFire   . . .      SeeInvis +   a - +0 flail
rCold   . . .      Faith    .   c - +0 buckler
rNeg    . . .      Spirit   .   b - +0 scale mail
rPois   .          Reflect  .   (no helmet)
rElec   .          Harm     .   (no cloak)
rCorr   .          Rampage  .   (no gloves)
Will    .....                   (no barding)
Stlth   ..........              (no amulet)
HPRegen 0.16/turn               (no ring)
MPRegen 0.10/turn               (no ring)

@: no status effects
A: large, rugged brown scales 3, see invisible, deformed body, roll 1, armoured
tail
a: Rolling Charge


You were on level 5 of the Dungeon.
You visited 1 branch of the dungeon, and saw 5 of its levels.

You collected 150 gold pieces.

Inventory:

Hand Weapons
 a - a +0 flail (weapon)
Missiles
 i - 28 poisoned darts (quivered)
Armour
 b - a +0 scale mail (worn)
 c - a +0 buckler (worn)
Wands
 r - a wand of paralysis (7)
Scrolls
 f - a scroll of amnesia {unknown}
 h - 5 scrolls of enchant armour {unknown}
 j - 5 scrolls of identify {unknown}
 k - a scroll of torment {unknown}
 l - 2 scrolls of teleportation {unknown}
 m - a scroll of magic mapping {unknown}
 n - a scroll of summoning {unknown}
 o - a scroll of silence {unknown}
 s - a scroll of noise {unknown}
Potions
 d - 3 potions of might
 e - 5 potions of attraction {unknown}
 g - 2 potions of curing {unknown}
 p - 2 potions of invisibility {unknown}
 q - a potion of brilliance {unknown}


   Skills:
 - Level 3.0 Fighting
 * Level 7.2 Maces & Flails
 - Level 2.4 Armour
 - Level 2.4 Shields


You had 5 spell levels left.
You didn't know any spells.
Your spell library was empty.

Dungeon Overview and Level Annotations

Branches:
Dungeon (5/15)
 Temple: D:4-7

Altars:
Cheibriados
Trog


Innate Abilities, Weirdness & Mutations

You are completely covered in rugged brown scales. (AC +3, +7% HP)
You have supernaturally acute eyesight. (SInv)
Armour fits poorly on your strangely shaped body.
You can roll at nearby foes to attack.
You have a long armoured tail.


Message History

Things that are here:
a +0 dagger; a +0 robe; an orc corpse
j - 5 scrolls labelled PEREAHUSESH (gained 1)
An ogre comes into view. It is wielding a +0 giant club.
The ogre shouts!
An ogre is nearby!
An ogre is nearby!
An ogre is nearby!
You see here 2 gold pieces.
Roll where?
Press: ? - help, Q - select action, (/) - cycle Dir - move target, f - ogre
Aim: an ogre, wielding a +0 giant club You roll forward with a clatter of scales!
You thump the ogre!
The ogre is moderately wounded.
The ogre barely misses you.
Unknown command.
You hit the ogre.
The ogre is heavily wounded.
The ogre hits you with a +0 giant club!
You barely miss the ogre.
The ogre is heavily wounded.
The ogre hits you with a +0 giant club!!
You are too injured to fight recklessly!
You hit the ogre but do no damage.
The ogre is heavily wounded.
The ogre hits you with a +0 giant club!
* * * LOW HITPOINT WARNING * * *
You are too injured to fight recklessly!
You hit the ogre.
The ogre is heavily wounded.
Throw: 29 darts (poison)
Press: ? - help, Q - select action, (/) - cycle Shift-Dir - straight line, f/p - ogre
Aim: an ogre, wielding a +0 giant club (heavily wounded, 72% to hit)
You throw a poisoned dart. The poisoned dart hits the ogre.
The ogre is poisoned.
The ogre is heavily wounded.
The ogre hits you with a +0 giant club!!
Ouch! That really hurt!
You die...

#.... #...... #....
#...... #.... . #......
#.... .#.##......
#....######.#.## #.
#..............# ##.#+
#..............# .....
#....O.........# .....
#....@.........##.....
#..............##.....
#.....$........##.....
#...............##.....
#.###...........##.....
#. #...........##.....
# #...........##.....
###....#.#####...).
#.##.#.# #.....


You could see an ogre (poisoned).

Vanquished Creatures
  A phantom (D:4)
  A scorpion (D:5)
  2 hounds (D:5)
  A centaur zombie (D:5)
  An orc wizard (D:5)
  3 gnolls (D:2)
  4 adders
  An adder zombie (D:2)
  2 worms (D:2)
  2 dart slugs
  12 orcs
  4 endoplasms
  A giant cockroach (D:4)
  10 goblins
  8 hobgoblins
  4 jackals (D:1)
  3 quokkas
  7 ball pythons
  2 ball python zombies (D:2)
  4 bats
  5 frilled lizards
  9 kobolds
  A quokka skeleton (D:4)
  4 rats
92 creatures vanquished.

Vanquished Creatures (others)
  A withered plant (D:2)
1 creature vanquished.

Grand Total: 93 creatures vanquished

Notes
Turn   | Place    | Note
-------+----------+-------------------------------------------
     0 | D:1      | ragingrage the Palentonga Fighter began the quest for the
                  | Orb.
     0 | D:1      | Reached XP level 1. HP: 19/19 MP: 1/1
   160 | D:1      | Reached XP level 2. HP: 24/25 MP: 2/2
   181 | D:1      | Reached skill level 3 in Maces & Flails
   592 | D:1      | Reached XP level 3. HP: 31/31 MP: 3/3
   736 | D:1      | Found a faded altar of an unknown god.
  1332 | D:2      | Found a bloodstained altar of Trog.
  1385 | D:2      | Reached skill level 4 in Maces & Flails
  1440 | D:2      | Reached XP level 4. HP: 11/37 MP: 4/4
  2164 | D:2      | Reached skill level 5 in Maces & Flails
  3293 | D:3      | Reached XP level 5. HP: 43/43 MP: 5/5
  3348 | D:3      | Found a snail-covered altar of Cheibriados.
  4011 | D:4      | Noticed a phantom
  4015 | D:4      | Killed a phantom
  4016 | D:4      | Reached skill level 6 in Maces & Flails
  4229 | D:5      | Entered Level 5 of the Dungeon
  4240 | D:5      | Reached XP level 6. HP: 41/50 MP: 6/6
  4282 | D:5      | Reached skill level 7 in Maces & Flails
  4399 | D:5      | Demolished by an ogre

Illustrated notes

Levels and vault maps discovered:
D:1:      dpeg_arrival_concentric_ovals, layout_basic,
          ebering_ecumenical_altar_webs, hangedman_decor_growths,
          hangedman_feature_mirror, grunt_decor_junction,
          minmay_misc_feat_columns, chequers_serial_rivers_small_b, st_stairs_10
D:2:      layout_basic, basic_altar, serial_undead, serial_undead_d,
          serial_undead_f, serial_undead_e, serial_undead_e,
          guppyfry_early_orc_mine
D:3:      layout_rooms, cheibrodos_worm_habitat, uniq_grinder
D:4:      layout_rooms, serial_forest, infiniplex_forest_lined_corner,
          infiniplex_forest_clump_cross, infiniplex_forest_clump_C,
          infiniplex_forest_lined_room_2, infiniplex_forest_lined_ring,
          infiniplex_forest_fountain, infiniplex_forest_end_1,
          hangedman_decor_points, uniq_crazy_yiuf_cottage, uniq_blork_the_orc
D:5:      minmay_spotlight, layout_basic, uniq_sigmund

Skill      XL: |  1  2  3  4  5  6 |
---------------+-------------------+-----
Maces & Flails | 3 4 5 6 7 |  7.2
Fighting       | |  3.0
Armour         | |  2.4
Shields        | |  2.4

Action                   |  1- 3 |  4- 6 || total
-------------------------+-------+-------++-------
Melee: Flail             |   129 |   171 ||   300
       Tailslap          |    12 |    19 ||    31
Throw: Dart              |       |     1 ||     1
 Abil: Rolling Charge    |    12 |    14 ||    26
Armor: Scale mail        |    58 |    72 ||   130
Dodge: Dodged            |    40 |    62 ||   102
Block: Buckler           |    29 |    31 ||    60

Table legend: (Time is in decaauts)
 A = Elapsed time spent in this place.
 B = Non-inter-level travel time spent in this place.
 C = Inter-level travel time spent in this place.
 D = Time resting spent in this place.
 E = Time spent auto-exploring this place.
 F = Levels seen in this place.
 G = Mean time per level.
                   A        B        C        D        E       F      G
               +--------+--------+--------+--------+--------+-----+--------+
         Total |   4458 |   4398 |     60 |    753 |   2894 |   5 |  891.6 |
       Dungeon |   4458 |   4398 |     60 |    753 |   2894 |   5 |  891.6 |
               +--------+--------+--------+--------+--------+-----+--------+

Top non-repeatable levels by time:
     D:2: 2184 daAuts
     D:1: 1046 daAuts
     D:3: 585 daAuts
     D:4: 471 daAuts
     D:5: 171 daAuts
